 Dungeon Crawl Stone Soup version 0.26.0-11-g8f856b5395 (webtiles) character file.

Game seed: 11311458301760166587

62 Majang the Sneak (level 4, -3/25 HPs)
             Began as a Kobold Enchanter on Jan 15, 2021.
             Was a Follower of Zin.
             Killed from afar by an orc wizard (5 damage)
             ... with a magic dart
             ... on level 2 of the Dungeon.
             The game lasted 00:10:52 (2749 turns).

Majang the Sneak (Kobold Enchanter)                 Turns: 2749, Time: 00:10:53

Health: -3/25      AC:  4    Str:  6    XL:     4   Next: 28%
Magic:  7/7        EV: 15    Int: 16    God:    Zin [*.....]
Gold:   81         SH:  0    Dex: 15    Spells: 4/7 levels left

rFire    + . .     SeeInvis .   a - +1 dagger
rCold    . . .     Faith    .   (shield restricted)
rNeg     . . .     Spirit   .   k - +1 robe {Will+}
rPois    .         Reflect  .   (no helmet)
rElec    .         Harm     .   (no cloak)
rCorr    .         Rampage  .   (no gloves)
Will     +....                  i - +0 pair of boots
Stlth    ++++......             (no amulet)
HPRegen  0.08/turn              (no ring)
MPRegen  0.10/turn              (no ring)

@: lethally poisoned (-3 -> -26), attractive
A: small, fire resistance 1, nightstalker 3
a: Renounce Religion, Recite, Donate Gold


You were on level 2 of the Dungeon.
You worshipped Zin.
Zin was aware of your devotion.
You visited 1 branch of the dungeon, and saw 3 of its levels.

You collected 90 gold pieces.
You donated 9 gold pieces to Zin.

Inventory:

Hand Weapons
 a - a +1 dagger (weapon)
 o - a +0 rapier
Missiles
 h - 8 javelins
Armour
 i - a +0 pair of boots (worn)
 k - a +1 robe of willpower (worn)
Jewellery
 l - a +6 ring of strength {unknown}
Scrolls
 b - 2 scrolls of remove curse {unknown}
 d - a scroll of enchant armour {unknown}
 f - 3 scrolls of identify {unknown}
 g - 2 scrolls of teleportation {unknown}
 j - a scroll of fog {unknown}
 p - a scroll of magic mapping {unknown}
 q - a scroll of amnesia {unknown}
Potions
 c - a potion of mutation
 e - a potion of attraction
 m - a potion of might {unknown}
 n - a potion of degeneration {unknown}


   Skills:
 + Level 1.0 Fighting
 * Level 3.1 Short Blades
 + Level 0.2 Throwing
 + Level 0.3 Armour
 + Level 2.9 Dodging
 + Level 4.3 Stealth
 - Level 2.4 Spellcasting
 - Level 3.1 Hexes
 + Level 0.4 Invocations


You had 4 spell levels left.
You knew the following spells:

 Your Spells              Type           Power        Failure   Level
a - Corona                Hex            13%          5%          1
b - Ensorcelled Hibernat  Hex/Ice        14%          16%         2

Your spell library contained the following spells:

 Spells                   Type           Power        Failure   Level
 Confusing Touch          Hex            12%          16%         3
 Tukima's Dance           Hex            12%          16%         3
 Dazzling Flash           Conj/Hex       14%          30%         3


Dungeon Overview and Level Annotations

Branches:
Dungeon (3/15)

Altars:
Zin

Shops:
D:2 *


Innate Abilities, Weirdness & Mutations

You are small and have problems with some larger weapons.
You are completely attuned to the shadows.
Your flesh is heat resistant. (rF+)


Message History

The orc wizard casts a spell at you. The puff of frost misses you.
The orc wizard hits you with a +1 dagger of venom.
You are more poisoned.
It was a potion of mutation.
You feel extremely strange. Zin protects your body from mutation!
You feel resistant to heat.
Zin forgives your inadvertent chaotic act, just this once.
* * * LOW HITPOINT WARNING * * *
You feel sick.
The orc wizard hits you with a +1 dagger of venom.
* * * LOW HITPOINT WARNING * * *
You are more poisoned.
It was a potion of attraction.
You feel attractive to monsters.
* * * LOW HITPOINT WARNING * * *
You feel sick. The orc wizard misses you.
The orc wizard points at you and mumbles some strange words.
The magic dart hits you.
You die...

### ##.## ##...## ##.....##
############
##.......#########...........
#...........@o...#.#####..###
##.....(.#######.....# #).#
##.....## ##....###..###
##...## #.)........... ##.##
##...#####.### #.# ##.## #.#
# #.# #.# #.### #.# #.# #....
#.### ##'## #####


You could see an orc wizard (fast).

Vanquished Creatures
  An adder (D:3)
  2 dart slugs
  An orc (D:3)
  8 bats
  A giant cockroach (D:1)
  8 goblins
  9 hobgoblins
  3 jackals (D:2)
  A ball python (D:1)
  5 frilled lizards
  3 kobolds
  2 rats
44 creatures vanquished.

Notes
Turn   | Place    | Note
-------+----------+-------------------------------------------
     0 | D:1      | Majang the Kobold Enchanter began the quest for the Orb.
     0 | D:1      | Reached XP level 1. HP: 10/10 MP: 3/3
    79 | D:1      | Reached XP level 2. HP: 14/15 MP: 5/5
   489 | D:1      | Reached XP level 3. HP: 16/20 MP: 6/6
   548 | D:1      | Learned a level 2 spell: Ensorcelled Hibernation
  1254 | D:2      | Found Zin's Purification Station.
  1257 | D:2      | Found a glowing silver altar of Zin.
  1262 | D:2      | Became a worshipper of Zin the Law-Giver
  2060 | D:2      | Found a faded altar of an unknown god.
  2154 | D:2      | Reached XP level 4. HP: 24/24 MP: 7/7
  2272 | D:2      | Reached * piety under Zin
  2520 | D:3      | Reached skill level 1 in Fighting
  2748 | D:2      | Gained mutation: Your flesh is heat resistant. (rF+)
                  | [potion of mutation]
  2749 | D:2      | Killed from afar by an orc wizard

Illustrated notes

Levels and vault maps discovered:
D:1:      dpeg_arrival_leaves_temple_mockup, layout_basic
D:2:      layout_loops_corners, zin_purify, chequers_ecumenical_altar_simple
D:3:      layout_loops_ring, tgw_sif, gammafunk_ghost_nasty_kobolds

Skill      XL: |  1  2  3  4 |
---------------+-------------+-----
Short Blades   | 2 3 |  3.1
Fighting       | 1 |  1.0
Throwing       | |  0.2
Armour         | |  0.3
Dodging        | |  2.9
Stealth        | |  4.3
Spellcasting   | |  2.4
Hexes          | |  3.1
Invocations    | |  0.4

Action                   |  1- 3 |  4- 6 || total
-------------------------+-------+-------++-------
Melee: Dagger            |   131 |    18 ||   149
Invok: Recite            |       |     1 ||     1
  Use: Potion            |       |     2 ||     2
 Stab: Sleeping          |    22 |     1 ||    23
Armor: Robe              |    16 |     3 ||    19
Dodge: Dodged            |    68 |    11 ||    79
